Match 25704555
Unlisted

Match 25704555
End
Construct Infanterie Kompanie
Kettenkrad Recon Vehicle
MG 42 Machine Gun Team
GrW 34 Mortar Team
Grenadier Squad
Construct Panzergrenadier Kompanie
Panzergrenadier Squad
251 Medium Carrier
Selects Mechanized Battlegroup
Selects Raid Package
Selects 8 Rad Armored Car
Selects UNKNOWN (2160084)
Pak 40 Anti-tank Gun Team
Selects Mobile Repair Stations
MG 42 Bunker
Construct Panzer Kompanie
Pak 40 Anti-tank Gun Team
8 Rad Armored Car
Panzer IV Medium Tank
Selects Wespe Self-propelled Artillery
Pak 40 Anti-tank Gun Team
Panther Heavy Tank
likewind3
John Wayne
Ecompany1942
想精想怪
TidaL
Jon
wntmd112
Tatari◑。
0
0

Comments sign in to comment!

No comments posted yet!